 Dungeon Crawl Stone Soup version 0.29.1-2-gbd0b4ee654 (webtiles) character file.

Game seed: 7629631824514051850

81 warriortoast the Digger (level 4, -3/24 HPs)
             Began as a Gargoyle Earth Elementalist on Nov 1, 2022.
             Was an Initiate of Ashenzari.
             Slain by a scorpion (4 damage)
             ... on level 3 of the Dungeon.
             The game lasted 00:09:29 (2595 turns).

warriortoast the Digger (GrEE)                      Turns: 2595, Time: 00:09:30

Health: -3/24      AC:  6    Str: 13    XL:     4   Next: 40%
Magic:  4/8        EV: 11    Int: 16    God:    Ashenzari [......]
Gold:   149        SH:  0    Dex: 10    Spells: 7/8 levels left

rFire   . . .      SeeInvis .   i - +3 hand axe "Shackled Visionary" {Melee, Bglg} (curse)
rCold   . . .      Faith    .   (no shield)
rNeg    + . .      Spirit   .   a - +0 robe
rPois   ∞          Reflect  .   s - +0 helmet
rElec   +          Harm     .   (no cloak)
rCorr   .          Rampage  .   (no gloves)
Will    .....                   (no boots)
Stlth   ++........              (no amulet)
HPRegen 0.08/turn               (no ring)
MPRegen 0.11/turn               (no ring)

@: no status effects
A: sickness immunity, AC +3, negative energy resistance 1, electricity
resistance, torment resistance 1, petrification resistance
a: Renounce Religion, Shatter the Chains


You were on level 3 of the Dungeon.
You worshipped Ashenzari.
Ashenzari was noncommittal.
You visited 1 branch of the dungeon, and saw 3 of its levels.

You collected 149 gold pieces.

Inventory:

Hand Weapons
 c - a +0 battleaxe
 i - the cursed +3 hand axe "Shackled Visionary" (weapon) {Melee, Bglg}
   (You found it on level 1 of the Dungeon)

   It has a curse which improves the following skills: Melee Combat: Short
   Blades, Long Blades, Axes, Maces & Flails, Polearms, Staves and Unarmed
   Combat.
   Beguiling: Conjurations, Hexes and Translocations.
Armour
 a - a +0 robe (worn)
 g - a +0 plate armour
 s - a +0 helmet (worn)
Scrolls
 d - 4 scrolls of identify {unknown}
 f - a scroll of vulnerability {unknown}
 j - 2 scrolls of silence {unknown}
 k - a scroll of butterflies {unknown}
 m - a scroll of teleportation {unknown}
 q - a scroll of noise {unknown}
 t - a scroll of immolation {unknown}
Potions
 b - a potion of magic
 e - 4 potions of curing {unknown}
 h - a potion of berserk rage {unknown}
 l - a potion of haste {unknown}
 n - 2 potions of attraction {unknown}
 o - a potion of invisibility {unknown}
 p - a potion of brilliance {unknown}
 r - a potion of heal wounds {unknown}


   Skills:
 - Level 1.5 Dodging
 - Level 2.1 Stealth
 + Level 2.7 Spellcasting
 + Level 1.8(2.2) Conjurations
 + Level 1.7 Transmutations
 + Level 4.3 Earth Magic


You had 7 spell levels left.
You knew the following spells:

 Your Spells              Type           Power      Damage    Failure   Level
a - Sandblast             Erth           32%        2d9       3%          1

Your spell library contained the following spells:

 Spells                   Type           Power      Damage    Failure   Level
 Passwall                 Tmut/Erth      9%         N/A       9%          2
 Stone Arrow              Conj/Erth      24%        3d8       16%         3
 Petrify                  Tmut/Erth      11%        N/A       50%         4


Dungeon Overview and Level Annotations

Branches:
Dungeon (3/15)

Altars:
Ashenzari
Gozag
Makhleb
Zin

Shops:
D:2 =   D:3 *=

Annotations:
D:3 2 transporters


Innate Abilities, Weirdness & Mutations

You are immune to sickness and miasma.
Your stone body is resilient. (AC +3)
You are immune to poison.
You resist negative energy. (rN+)
You are resistant to electric shocks. (rElec)
You are resistant to unholy torment.
You are immune to petrification.


Message History

Press: ? - help, v - describe, . - travel
Here: a shadow imp (fire blocked by a translucent stone wall)
The floor.
There is a transporter here.
Found Uquom's Jewellery Boutique.
t - a scroll labelled MOEDEO NANOFUO
There is an open door here.
There is an entrance to Uquom's Jewellery Boutique here.
There is an open door here.
Found 7 stones and a whip.
Found an escape hatch in the ceiling.
Found Zin's Purification Station.
Found a whip.
Found a glowing silver altar of Zin.
There is an entrance to Zin's Purification Station here.
A goblin comes into view. It is wielding a +0 club.
The goblin shouts!
The blast of sand hits the goblin!
You kill the goblin!
A scorpion comes into view.
The blast of sand hits the scorpion.
The scorpion is lightly wounded.
The scorpion stings you. x2
The blast of sand hits the scorpion!
The scorpion is heavily wounded.
The scorpion stings you but does no damage.
The blast of sand hits the scorpion but does no damage.
The scorpion is heavily wounded.
The scorpion barely misses you. The scorpion stings you.
The blast of sand hits the scorpion but does no damage.
The scorpion is heavily wounded.
The scorpion stings you. x2
* * * LOW HITPOINT WARNING * * *
You are too injured to fight recklessly!
You hit the scorpion.
The scorpion is severely wounded.
The scorpion stings you.
* * * LOW HITPOINT WARNING * * *
The scorpion stings you.
You die...

#...∩.._⌠#..# #........#
#......###..# #.######.#
#.#.....#...####.# #.#
#.##.............# #.#
#...........###########.#
###.......#.............+
#..(....#############.#
#.....<.# #.# #.....@.#
#.. ####.....s.# ###
#..........# #
#.##.......# # #
###.##### # ##.## # #.##
#)# ##.


You could see a scorpion.

Vanquished Creatures
  Robin (D:3)
  An adder (D:2)
  2 dart slugs
  6 endoplasms
  3 giant cockroaches
  8 goblins (D:3)
  9 hobgoblins
  A jackal (D:1)
  A quokka (D:2)
  2 ball pythons
  5 bats
  8 frilled lizards
  3 kobolds
  2 rats
52 creatures vanquished.

Notes
Turn   | Place    | Note
-------+----------+-------------------------------------------
     0 | D:1      | warriortoast the Gargoyle Earth Elementalist began the
                  | quest for the Orb.
     0 | D:1      | Reached XP level 1. HP: 10/10 MP: 3/3
   189 | D:1      | Reached skill level 1 in Transmutations
   229 | D:1      | Reached XP level 2. HP: 15/15 MP: 3/5
   308 | D:1      | Found a faded altar of an unknown god.
   516 | D:1      | Reached skill level 1 in Conjurations
  1056 | D:2      | Reached skill level 4 in Earth Magic
  1091 | D:2      | Reached XP level 3. HP: 19/19 MP: 2/6
  1156 | D:2      | Found Lasel's Jewellery Boutique.
  1274 | D:2      | Found a broken altar of Ashenzari.
  1284 | D:2      | Became a worshipper of Ashenzari the Shackled
  1948 | D:3      | Found a burning altar of Makhleb.
  2054 | D:3      | Found a transporter.
  2060 | D:3      | Noticed a kobold demonologist
  2253 | D:3      | Noticed Robin
  2274 | D:3      | Reached XP level 4. HP: 24/24 MP: 4/7
  2400 | D:3      | Killed Robin
  2469 | D:3      | Found a transporter.
  2473 | D:3      | Found an opulent altar of Gozag.
  2524 | D:3      | Found Uquom's Jewellery Boutique.
  2561 | D:3      | Found Zin's Purification Station.
  2566 | D:3      | Found a glowing silver altar of Zin.
  2584 | D:3      | Noticed a scorpion
  2595 | D:3      | HP: 1/24 [scorpion (5)]
  2595 | D:3      | Slain by a scorpion

Illustrated notes

Levels and vault maps discovered:
D:1:      dpeg_arrival_brainrot, layout_basic,
          hellmonk_ecumenical_altar_lost_god
D:2:      layout_basic, basic_altar, serial_shops, nicolae_shop_stone
D:3:      gammafunk_wand_slinger, layout_loops_ring, marbit_many_paths,
          zin_purify, lightli_temple_of_fire, overflow_temple_1_default,
          serial_shops, nicolae_shop_behind_doors, uniq_robin

Skill      XL: |  1  2 |
---------------+-------+-----
Transmutations | 1 |  1.7
Conjurations   | 1 |  1.8
Earth Magic    | 4 |  4.3
Dodging        | |  1.5
Stealth        | |  2.1
Spellcasting   | |  2.7

Action                   |  1- 3 |  4- 6 || total
-------------------------+-------+-------++-------
Melee: Battleaxe         |     4 |       ||     4
       Hand axe          |     1 |     3 ||     4
 Cast: Sandblast         |    54 |    17 ||    71
Invok: Curse Item        |     1 |       ||     1
Armor: Robe              |     6 |     3 ||     9
Dodge: Dodged            |    14 |     2 ||    16
